 Dungeon Crawl Stone Soup version 0.21-a0-531-gacddea6 (webtiles) character file.

390 slep the Chopper (level 6, 0/32 HPs)
             Began as a Vine Stalker Fighter on Dec 14, 2017.
             Succumbed to a killer bee's poison
             ... on level 5 of the Dungeon.
             The game lasted 00:10:58 (2487 turns).

slep the Chopper (Vine Stalker Fighter)             Turns: 2487, Time: 00:10:58

Health: 0/32       AC:  6    Str: 18    XL:     6   Next: 80%
Magic:  6/7        EV:  8    Int: 11    God:
Gold:   161        SH: 10    Dex: 18    Spells: 5/5 levels left

rFire    . . .     SeeInvis +   a - +0 war axe
rCold    . . .     Gourm    .   c - +0 shield
rNeg     . . .     Faith    .   b - +0 scale mail
rPois    .         Spirit   +   (no helmet)
rElec    .         Reflect  .   (no cloak)
rCorr    .         Harm     .   (no gloves)
MR       .....                  (no boots)
Stlth    +.........             (no amulet)
HPRegen  0.50/turn              g - ring of see invisible
MPRegen  0.10/turn              (no ring)

@: brilliant, lethally poisoned (0 -> -1)
A: fangs 3, camouflage 1, agile 1, dopey 1, regeneration 1, magic shield,
antimagic bite, no potion heal 3, rot immunity
a: no special abilities


You were on level 5 of the Dungeon.
You were hungry.

You visited 1 branch of the dungeon, and saw 5 of its levels.

You collected 197 gold pieces.
You spent 36 gold pieces at shops.

Inventory:

Hand Weapons
 a - a +0 war axe (weapon)
Missiles
 j - 19 poisoned needles
 v - 4 javelins (quivered)
Armour
 b - a +0 scale mail (worn)
 c - a +0 shield (worn)
Jewellery
 g - a ring of see invisible (left hand)
Wands
 q - a wand of flame (28)
 B - a wand of clouds (3)
Scrolls
 e - 7 scrolls of remove curse {unknown}
 h - a scroll of blinking {unknown}
 k - 3 scrolls of identify {unknown}
 p - 2 scrolls of teleportation {unknown}
 u - a scroll of immolation {unknown}
 w - 2 scrolls of enchant armour {unknown}
 y - a scroll of amnesia {unknown}
 z - a scroll of noise {unknown}
Potions
 d - a potion of might
 i - a potion of brilliance
 r - a potion of mutation
 s - a potion of flight {unknown}
 t - a potion of degeneration {unknown}
Comestibles
 f - 4 bread rations
 l - 2 royal jellies
 n - a meat ration
 x - a fruit
 A - 3 chunks of flesh


   Skills:
 + Level 3.6 Fighting
 + Level 4.1 Axes
 + Level 3.4 Armour
 + Level 1.0 Dodging
 + Level 0.1 Stealth
 + Level 3.9 Shields


You had 5 spell levels left.
You didn't know any spells.

Dungeon Overview and Level Annotations

Branches:
Dungeon (5/15)
 Temple: D:4-7

Altars:
Ashenzari
Uskayaw
The Shining One

Shops:
D:4 !


Innate Abilities, Weirdness & Mutations

You have razor-sharp teeth.
Your natural rate of healing is unusually fast.
When hurt, damage is shared between your health and your magic reserves.
Your bite disrupts and absorbs the magic of your enemies.
Potions cannot restore your health.
You are immune to rotting.
Your skin changes colour to match your surroundings (Stealth+).
You are agile. (Dex +2)
You are dopey. (Int -2)


Message History

The killer bee stings you.
* * * LOW HITPOINT WARNING * * *
Your system rejects the healing.
You feel better. The killer bee barely misses you.
You block the killer bee's attack.
The killer bee stings you but does no damage. x2
It was a potion of heal wounds.
That seemed strangely inert.
You block the killer bee's attack. The killer bee closely misses you. x2
The killer bee stings you!
* * * LOW HITPOINT WARNING * * *
It was a potion of magic.
Magic courses through your body. The killer bee stings you.
* * * LOW HITPOINT WARNING * * *
You are lethally poisoned!
The killer bee poisons you!
The killer bee completely misses you. x2
You block the killer bee's attack.
It was a potion of mutation.
You feel extremely strange.
You feel stupid.
You feel agile.
Your teeth grow very long and razor-sharp.
Your skin functions as natural camouflage.
You die... #.# ... .. ... . #.# .# #.# .# #.#.(# #.#y.# #yyyZ#

#@#..#
#†# .#
#.. #
##.. .
.$. .#
...$
.#
.....
.#
......
.####
#


You could see 4 killer bees and a leopard gecko zombie.

Vanquished Creatures
  The ghost of nomadicburrito the Digger, an amateur GrEE (D:4)
  A hound (D:5)
  Jessica (D:3)
  Natasha (thrice) (D:2)
  4 gnolls (D:5)
  3 adders
  An ooze (D:1)
  4 worms
  4 leopard geckos
  3 orcs
  4 bats
  2 giant cockroaches
  5 goblins
  9 hobgoblins
  11 jackals
  A quokka (D:3)
  2 ball pythons
  6 kobolds
  A leopard gecko skeleton (D:4)
  6 rats
  A plant (D:1)
73 creatures vanquished.

Notes
Turn   | Place    | Note
-------+----------+-------------------------------------------
     0 | D:1      | slep the Vine Stalker Fighter began the quest for the Orb.
     0 | D:1      | Reached XP level 1. HP: 11/11 MP: 2/2
    62 | D:1      | Reached XP level 2. HP: 16/16 MP: 3/3
    62 | D:1      | Reached skill level 2 in Axes
    69 | D:1      | Found a shattered altar of Ashenzari.
   224 | D:1      | Reached XP level 3. HP: 10/19 MP: 4/4
   794 | D:2      | Noticed Natasha
   803 | D:2      | Killed Natasha
   852 | D:2      | Gained mutation: Your natural rate of healing is unusually fast. [Vine Stalker growth]
   852 | D:2      | Reached XP level 4. HP: 10/23 MP: 5/5
  1209 | D:2      | Noticed Natasha
  1215 | D:2      | Killed Natasha
  1215 | D:2      | Reached skill level 3 in Axes
  1362 | D:2      | Noticed Natasha
  1371 | D:2      | Killed Natasha
  1371 | D:2      | Reached XP level 5. HP: 7/28 MP: 1/6
  1435 | D:3      | Found a glowing golden altar of the Shining One.
  1465 | D:3      | Noticed Jessica
  1475 | D:3      | Killed Jessica
  1735 | D:5      | Entered Level 5 of the Dungeon
  1739 | D:5      | Noticed an ogre
  1980 | D:5      | Reached XP level 6. HP: 20/32 MP: 4/7
  2223 | D:3      | Found a hide-covered altar of Uskayaw.
  2329 | D:4      | Noticed nomadicburrito's ghost (amateur GrEE)
  2342 | D:4      | Killed nomadicburrito's ghost
  2342 | D:4      | Reached skill level 4 in Axes
  2342 | D:4      | Reached skill level 1 in Dodging
  2381 | D:4      | Found Vofabon's Distillery.
  2390 | D:4      | Bought a potion of curing for 36 gold pieces
  2485 | D:5      | HP: 1/32 [killer bee (6)]
  2487 | D:5      | Gained mutation: You are dopey. (Int -2) [potion of mutation]
  2487 | D:5      | Gained mutation: You are agile. (Dex +2) [potion of mutation]
  2487 | D:5      | Gained mutation: You have razor-sharp teeth. [potion of mutation]
  2487 | D:5      | Gained mutation: Your skin changes colour to match your surroundings (Stealth+). [potion of mutation]
  2487 | D:5      | Succumbed to a killer bee's poison

Vault maps used:
D:1:      dpeg_arrival_simpleton_c, serial_forest,
          infiniplex_forest_clump_curved, infiniplex_forest_straight_1,
          infiniplex_forest_end_double, infiniplex_forest_clump_diagonal,
          infiniplex_forest_side_room, infiniplex_forest_end_3,
          infiniplex_forest_lined_2, ashenzari_altar_1
D:2:      uniq_natasha
D:3:      lemuel_doored_altar, lemuel_round_altar, uniq_jessica
D:4:      first_bread, serial_shops, shop, serial_glass, glass_columns_b,
          glass_columns_a, kennysheep_generic_room_2
D:5:      cheibrodos_thug_alley, lightli_temple_of_fire, kennysheep_another_room

Skill      XL: |  1  2  3  4  5  6 |
---------------+-------------------+-----
Axes           | 2 3 4 |  4.1
Shields        | 3 |  3.9
Fighting       | 3 |  3.6
Armour         | 3 |  3.4
Dodging        | 1 |  1.0
Stealth        | |  0.1

Action                   |  1- 3 |  4- 6 || total
-------------------------+-------+-------++-------
Melee: War axe           |    95 |   151 ||   246
       Bite              |    30 |    34 ||    64
  Use: Potion            |       |     6 ||     6
  Eat: Chunk             |       |     5 ||     5
Armor: Scale mail        |    41 |    79 ||   120
Dodge: Dodged            |    18 |    51 ||    69
Block: Shield            |    56 |    92 ||   148

Table legend:
 A = Spawn XP
 B = Non-spawn XP
 C = Spawn XP percentage of total XP
 D = Spawn monster count
 E = Non-spawn monster count
 F = Spawn count percentage of total count
 G = Total turns spent on level
                    A         B        C        D         E        F      G
               +---------+---------+-------+---------+---------+-------+---------
         Total |       0 |     558 |   0.0 |       0 |      72 |   0.0 |  2487
               +---------+---------+-------+---------+---------+-------+---------
           D:1 |       0 |      39 |   0.0 |       0 |      19 |   0.0 |   687
           D:2 |       0 |     159 |   0.0 |       0 |      22 |   0.0 |   700
           D:3 |       0 |      80 |   0.0 |       0 |      17 |   0.0 |   601
           D:4 |       0 |     173 |   0.0 |       0 |       7 |   0.0 |   424
           D:5 |       0 |     107 |   0.0 |       0 |       7 |   0.0 |    75
               +---------+---------+-------+---------+---------+-------+---------
